 Dungeon Crawl Stone Soup version 0.28.0-45-g0d030f2227 (webtiles) character file.

Game seed: 10929845784081380148

121 pkoi the Ruffian (level 4, 0/54 HPs)
             Began as a Demigod Gladiator on Apr 4, 2022.
             Succumbed to a scorpion's poison
             ... on level 4 of the Dungeon.
             The game lasted 00:02:32 (2535 turns).

pkoi the Ruffian (Demigod Gladiator)                Turns: 2535, Time: 00:02:33

Health: 0/54       AC:  9    Str: 19    XL:     4   Next: 49%
Magic:  2/6        EV:  8    Int: 10    God:
Gold:   95         SH:  0    Dex: 15    Spells: 3/3 levels left

rFire   . . .      SeeInvis .     - Unarmed
rCold   . . .      Faith    .   (no shield)
rNeg    . . .      Spirit   +   e - +0 chain mail
rPois   .          Reflect  .   b - +0 helmet
rElec   .          Harm     .   (no cloak)
rCorr   .          Rampage  .   (no gloves)
Will    .....                   (no boots)
Stlth   ..........              k - amulet of guardian spirit
HPRegen 0.18/turn               d - ring of flight
MPRegen 0.10/turn               (no ring)

@: berserking, lethally poisoned (0 -> -25), flying, very quick
A: high MP 1, forlorn, divine attributes
a: no special abilities


You were on level 4 of the Dungeon.
You visited 1 branch of the dungeon, and saw 3 of its levels.

You collected 95 gold pieces.

Inventory:

Hand Weapons
 g - a +0 whip
Missiles
 c - 4 throwing nets (quivered)
Armour
 a - a +0 leather armour
 b - a +0 helmet (worn)
 e - a +0 chain mail (worn)
Jewellery
 d - a ring of flight (left hand)
 k - an amulet of guardian spirit (around neck)
Potions
 i - 2 potions of flight {unknown}


   Skills:
 - Level 1.7 Fighting
 - Level 1.7 Throwing
 - Level 2.6 Dodging
 + Level 5.1 Unarmed Combat


You had 3 spell levels left.
You didn't know any spells.
Your spell library contained the following spells:

 Spells                   Type           Power      Damage    Failure   Level
 Conjure Flame            Conj/Fire      0%         6-21      100%        3
 Ignite Poison            Fire/Tmut/Pois 0%         N/A       100%        3
 Ozocubu's Armour         Ice            0%         N/A       100%        3
 Sticky Flame             Conj/Fire      0%         2d3       100%        4
 Ozocubu's Refrigeration  Ice            0%         4d5       100%        7


Dungeon Overview and Level Annotations

Branches:
Dungeon (2/15)

Annotations:
D:2 1 runed translucent door, Crazy Yiuf


Innate Abilities, Weirdness & Mutations

You have an increased reservoir of magic. (+10% MP)
You shall have no god before yourself.
Your divine heritage dramatically boosts your attributes as you level up.


Message History

Found a scroll of teleportation.
You feel sick.
You aren't carrying any scrolls.
Unknown command.
You feel better.
The scorpion stings you but does no damage.
You aren't carrying any scrolls.
It was a potion of berserk rage.
A red film seems to cover your vision as you go berserk!
You feel yourself moving faster!
You feel mighty! The scorpion stings you.
* * * LOW HITPOINT WARNING * * *
You are poisoned.
The scorpion poisons you!
You completely miss the scorpion.
The scorpion is moderately wounded.
You feel sick.
The scorpion stings you but does no damage.
You barely miss the scorpion.
The scorpion is moderately wounded.
You completely miss the scorpion.
The scorpion is moderately wounded.
You feel sick. The scorpion stings you.
* * * LOW HITPOINT WARNING * * *
You are lethally poisoned!
The scorpion poisons you!
You punch the scorpion!
The scorpion is severely wounded.
* * * LOW HITPOINT WARNING * * *
You feel very sick. The scorpion stings you.
* * * LOW HITPOINT WARNING * * *
You barely miss the scorpion.
The scorpion is severely wounded.
* * * LOW HITPOINT WARNING * * *
You feel sick. The scorpion stings you.
* * * LOW HITPOINT WARNING * * *
You are more poisoned.
The scorpion poisons you!
You punch the scorpion!
You kill the scorpion!
You die...

##.###...# ..#
##...##...# ...
##...#....## ..##
#..........# #...
#.....###..### ##..# .
#..##.##..#..# #...# ..
#####..#...#.###...#..#
#..#..##...........
#.@..###.###.......
#†.......#.........
#...#.........).......
#......#.................
#.....<..................
##..................####.
###...?.............
#........#........ #...
...##.........


There were no monsters in sight!

Vanquished Creatures
  A scorpion (D:4)
  4 gnolls
  3 adders (D:2)
  An orc (D:4)
  5 endoplasms
  A giant cockroach (D:2)
  4 hobgoblins
  9 jackals
  3 quokkas
  5 ball pythons
  4 bats
  4 frilled lizards
  2 goblins
  5 kobolds
  4 rats
55 creatures vanquished.

Notes
Turn   | Place    | Note
-------+----------+-------------------------------------------
     0 | D:1      | pkoi the Demigod Gladiator began the quest for the Orb.
     0 | D:1      | Reached XP level 1. HP: 17/17 MP: 3/3
   383 | D:1      | Reached skill level 3 in Unarmed Combat
   538 | D:1      | Reached XP level 2. HP: 13/24 MP: 4/4
  1655 | D:2      | Reached XP level 3. HP: 27/29 MP: 5/5
  1709 | D:2      | Reached skill level 4 in Unarmed Combat
  2003 | D:2      | Reached XP level 4. HP: 32/36 MP: 6/6
  2154 | D:2      | Found a runed translucent door.
  2155 | D:2      | Noticed Crazy Yiuf
  2230 | D:2      | Reached skill level 5 in Unarmed Combat
  2368 | D:2      | You are sucked into a shaft and drop 2 floors!
  2535 | D:4      | Succumbed to a scorpion's poison

Illustrated notes

Levels and vault maps discovered:
D:1:      sevenhm_arrival_forest_fort_large_2, layout_loops_cross
D:2:      minmay_angry_zag, layout_rooms,
          dreamdust_ecumenical_altar_hidden_monk_grotto, kennysheep_flooded_box,
          minmay_misc_feat_encased, chequers_garden, uniq_crazy_yiuf_cottage
D:4:      layout_cave_pools, minmay_a_box_with_orc_wizards_in_it

Skill      XL: |  1  2  3  4 |
---------------+-------------+-----
Unarmed Combat | 3 4 5 |  5.1
Fighting       | |  1.7
Throwing       | |  1.7
Dodging        | |  2.6

Action                   |  1- 3 |  4- 6 || total
-------------------------+-------+-------++-------
Melee: Unarmed           |   148 |    78 ||   226
       Punch             |     4 |     1 ||     5
  Use: Scroll            |     1 |     2 ||     3
       Potion            |       |     2 ||     2
Armor: Chain mail        |    97 |    41 ||   138
Dodge: Dodged            |    72 |    31 ||   103
